AoeStats
← LmScar12

Arabia

509771081Analyzed
1v1 RM · 4d ago on Sep 28, 2026· 23m 45s· 2 players
Game mode
Random Map
Map size
Tiny (2 player)
Population
200
Speed
Normal
Resources
Standard
Victory
Conquest
Starting age
Dark Age
Ending age
Imperial Age
RankedLock teamsTeams togetherTeam positionsShared explorationLock speedFull tech treeHidden civsTurbo modeCheats
Victory
Defeat
🇺🇸 Inca · United States
1630
+19
🇺🇸 Bohemians · United States
1687
-19
LmScar12
7:20 Loom
9:29 Feudal Age
10:05 Double-Bit Axe
9:48 Champi Runner
12:55 Horse Collar
21:40 Castle Age
19:57 Fletching
20:30 Arson
20:41 Stone Mining
21:06 Scale Mail Armor
21:57 Forging
22:23 Squires
21:58 Champi Warrior
23:55 Chain Mail Armor
Diago
7:40 Loom
10:03 Feudal Age
15:45 Castle Age
Connection lost

Rejoining the realm…

Still unreachable

The connection could not be restored.

Session expired

The server has moved on; the page needs a fresh start.